Crunch vs Rocket
Created - May 4, 2022 at 19:37
Goals
|
Crunch |
0 |
3 |
1 |
0 |
1 |
5 |
Rocket |
0 |
2 |
2 |
0 |
0 |
4 |
|
Shots
|
Crunch |
6 |
13 |
7 |
0 |
3 |
26 |
Rocket |
8 |
15 |
12 |
0 |
3 |
35 |
|
1st period
No Goal
Penalties :
Brendan Guhle (Syr) for Hooking (Minor) at 10:04
2nd period
1. Crunch , Mitch Callahan 10 (Anatoli Golyshev 9, Dalton Smith 13) at 2:36
2. Rocket , Corey Trivino 28 (Mattias Tedenby 38, Brandon Pirri 34) at 6:02
3. Crunch , Dylan Strome 14 (Michael Ferland 12) at 6:39
4. Rocket , Corey Trivino 29 (Mattias Tedenby 39, Adam Fox 24) at 11:04
5. Crunch , Teemu Hartikainen 36 (Jared Staal 3) at 11:08
Penalties :
Jordan Oesterle (Syr) for Hooking (Minor) at 0:22, Brandon Pirri (Lav) for Holding (Minor) at 16:42
3rd period
6. Rocket , Danton Heinen 33 (Adrian Kempe 49, Peter Holland 27) at 1:53 (PP)
7. Rocket , Peter Holland 19 (Danton Heinen 42, Adrian Kempe 50) at 6:57
8. Crunch , Jeremy Lauzon 3 (Brock Boeser 50, Teemu Hartikainen 35) at 17:45
Penalties :
Dylan Strome (Syr) for Slashing (Minor) at 1:17, Noah Hanifin (Syr) for Hooking (Minor) at 9:02
Overtime #1
No Goal
Penalties :
No Penalty
Shootout
Crunch, Teemu Hartikainen - Shot Misses the Net
Rocket, Mattias Tedenby - Stopped by Josef Korenar
Crunch, Jayson Megna - Goal!
Rocket, Corey Trivino - Stopped by Josef Korenar
Crunch, Brock Boeser - Stopped by Igor Shesterkin
Rocket, Brandon Pirri - Stopped by Josef Korenar
Penalties :
No Penalty
Goalie Stats
Josef Korenar (Syr), 31 saves from 35 shots - (0.886), W, 10-11-2, 65:00 minutes
Igor Shesterkin (Lav), 22 saves from 26 shots - (0.846), OTL, 26-14-2, 65:00 minutes
Players Stats for Crunch
Player Name G A P +/- PIM S H SB GA TA FO MP PP MP PK MP
------------------------------------------------------------------------------------
Anatoli Golyshev 0 1 1 1 0 2 1 0 1 0 1/1 11:01 0:00 0:00
Anthony Cirelli 0 0 0 -1 0 0 1 0 0 1 0/0 18:12 0:00 0:00
Brendan Guhle 0 0 0 2 2 0 0 1 1 0 0/0 20:52 0:53 2:19
Brock Boeser 0 1 1 1 0 2 0 2 2 0 2/3 23:39 1:07 3:42
Christoffer Ehn 0 0 0 0 0 0 0 0 0 0 3/6 5:34 0:00 1:17
Connor Bunnaman 0 0 0 1 0 0 0 0 0 0 1/5 11:21 0:00 0:20
Dalton Smith 0 1 1 0 0 1 1 0 0 0 0/1 11:39 0:17 1:54
Dylan Strome 1 0 1 -1 2 5 1 0 0 2 5/9 21:59 0:00 2:05
Jacob Larsson 0 0 0 -2 0 1 1 0 0 0 0/0 16:22 0:00 2:56
Jared Staal 0 1 1 1 0 1 1 0 0 0 8/18 18:44 0:35 0:00
Jayson Megna 0 0 0 0 0 0 0 0 0 0 4/8 11:00 1:07 2:51
Jeremy Lauzon 1 0 1 3 0 2 1 3 0 1 0/0 21:12 0:53 2:39
Jordan Oesterle 0 0 0 0 2 0 3 5 1 1 0/0 27:58 1:06 1:48
Matt Roy 0 0 0 -1 0 0 1 0 1 0 0/0 14:10 0:00 0:52
Michael Ferland 0 1 1 -1 0 3 2 0 0 1 1/1 17:39 0:52 0:24
Mitch Callahan 1 0 1 1 0 2 1 0 0 0 0/1 11:53 0:52 0:00
Noah Hanifin 0 0 0 0 2 3 1 1 2 1 0/0 27:51 1:06 1:47
Sean Walker 0 0 0 0 0 0 0 0 0 0 0/0 1:50 0:00 0:45
Teemu Hartikainen 1 1 2 1 0 4 6 2 1 0 2/2 20:27 1:07 0:33
Players Stats for Rocket
Player Name G A P +/- PIM S H SB GA TA FO MP PP MP PK MP
------------------------------------------------------------------------------------
Adam Fox 0 1 1 1 0 3 3 0 1 1 0/0 27:43 4:37 0:00
Adrian Kempe 0 2 2 -2 0 1 2 0 0 0 0/0 19:20 2:55 0:27
Andrei Mironov 0 0 0 -2 0 0 0 1 2 1 0/0 16:28 0:58 0:00
Andrey Pedan 0 0 0 -3 0 0 1 1 0 0 0/0 20:02 1:23 1:28
Brandon Pirri 0 1 1 2 2 3 2 1 0 1 1/2 22:09 3:30 0:00
Corey Trivino 2 0 2 2 0 2 3 0 0 1 14/29 22:15 3:30 0:21
Danton Heinen 1 1 2 -2 0 4 0 0 0 0 0/0 18:25 2:55 0:00
Dean Kukan 0 0 0 1 0 0 1 1 1 0 0/0 16:31 0:00 0:31
Dominic Turgeon 0 0 0 0 0 2 2 0 0 0 4/7 15:21 0:08 1:14
Jakub Vrana 0 0 0 -1 0 1 1 1 1 1 0/0 9:35 0:08 1:08
Jiri Sekac 0 0 0 0 0 2 0 0 0 0 0/0 12:16 0:00 0:00
Kole Sherwood 0 0 0 0 0 2 0 0 1 0 0/1 12:10 0:00 0:00
Luca Sbisa 0 0 0 0 0 1 1 0 0 0 0/0 19:44 1:23 1:28
Mason Appleton 0 0 0 -1 0 1 0 0 0 0 1/2 8:42 0:00 0:24
Mattias Tedenby 0 2 2 2 0 6 2 0 1 1 1/4 22:22 3:30 0:00
Peter Holland 1 1 2 -2 0 4 3 0 0 0 7/10 16:52 2:55 0:00
Ty Rattie 0 0 0 -1 0 0 1 2 0 0 0/0 9:18 0:08 0:24
Viktor Loov 0 0 0 1 0 3 1 0 0 3 0/0 28:37 4:45 0:31
3 Stars
1 - Corey Trivino (Lav)
2 - Teemu Hartikainen (Syr)
3 - Jeremy Lauzon (Syr)
Power Play
Crunch - 0 on 1 Attempt(s) - 0.00%
Rocket - 1 on 4 Attempt(s) - 25.00%
Penalty Kill
Crunch - 3 on 4 Attempt(s) - 75.00%
- Score 0 goal in Penalty Kill
Rocket - 1 on 1 Attempt(s) - 100.00%
- Score 0 goal in Penalty Kill
Team Stat
Crunch - Hits : 21 - Faceoff Wins : 27 - Blocked Shots : 14 - Penalty Minutes : 8
Rocket - Hits : 23 - Faceoff Wins : 28 - Blocked Shots : 7 - Penalty Minutes : 2
Official
Referees : Ghislain Hebert and Marc Joannette
Linesman : Matt MacPherson and Vaughan Rody
Game Notes
Christoffer Ehn is injured at 17:59 of 1st period (Bruised Right Leg)
Finance
Level 1 -- Attendance: 1695 (84.75%) -- Ticket Income $59,325
Level 2 -- Attendance: 989 (98.90%) -- Ticket Income $14,835
Total Attendance: 2684 (89.47%)
Total Ticket Income: $74,160
Other Income: $3,708
Total Income: $77,868
Crunch
5 vs 5 Forward
Center Left Wing Right Wing Time % Phy DF OF
1 Christoffer Ehn Teemu Hartikainen Brock Boeser 40 1 2 2
2 Dylan Strome Michael Ferland Anthony Cirelli 30 1 2 2
3 Jayson Megna Dalton Smith Jared Staal 20 1 2 2
4 Connor Bunnaman Anatoli Golyshev Mitch Callahan 10 1 2 2
5 vs 5 Defense
Defense Defense Time % Phy DF OF
1 Jordan Oesterle Noah Hanifin 40 1 2 2
2 Brendan Guhle Jeremy Lauzon 30 1 2 2
3 Matt Roy Jacob Larsson 20 1 2 2
4 Jordan Oesterle Noah Hanifin 10 1 2 2
PowerPlay Forward
Center Left Wing Right Wing Time % Phy DF OF
1 Jayson Megna Teemu Hartikainen Brock Boeser 60 1 2 2
2 Christoffer Ehn Michael Ferland Mitch Callahan 40 1 2 2
PowerPlay Defense
Defense Defense Time % Phy DF OF
1 Jordan Oesterle Noah Hanifin 60 1 2 2
2 Brendan Guhle Jeremy Lauzon 40 1 2 2
Penalty Kill 4 Players Forward
Center Wing Time % Phy DF OF
1 Christoffer Ehn Brock Boeser 60 1 2 2
2 Jayson Megna Teemu Hartikainen 40 1 2 2
Penalty Kill 4 Players Defense
Defense Defense Time % Phy DF OF
1 Jordan Oesterle Noah Hanifin 60 1 2 2
2 Brendan Guhle Jeremy Lauzon 40 1 2 2
Penalty Kill - 3 Players Forward
Forward Time % Phy DF OF
1 Christoffer Ehn 60 1 2 2
2 Jayson Megna 40 1 2 2
Penalty Kill - 3 Players Defense
Defense Defense Time % Phy DF OF
1 Jordan Oesterle Noah Hanifin 60 1 2 2
2 Brendan Guhle Jeremy Lauzon 40 1 2 2
4 vs 4 Forward
Center Wing Time % Phy DF OF
1 Teemu Hartikainen Brock Boeser 60 1 2 2
2 Christoffer Ehn Anthony Cirelli 40 1 2 2
4 vs 4 Defense
Defense Defense Time % Phy DF OF
1 Jordan Oesterle Noah Hanifin 60 1 2 2
2 Brendan Guhle Jeremy Lauzon 40 1 2 2
Last Minutes Offensive
Center Left Wing Right Wing Defense Defense
Jayson Megna Teemu Hartikainen Brock Boeser Jordan Oesterle Noah Hanifin
Last Minutes Defensive
Center Left Wing Right Wing Defense Defense
Jayson Megna Teemu Hartikainen Brock Boeser Jordan Oesterle Noah Hanifin
Goaltenders
Starting : Josef Korenar
Backup : Kaapo Kahkonen
Extra Forwards
Normal : Jared Staal, Dalton Smith, Dylan Strome - PP : Jared Staal, Dalton Smith - PK : Dylan Strome
Extra Defensemen
Normal : Jeremy Lauzon, Brendan Guhle, Jacob Larsson - PP : Jacob Larsson - PK : Brendan Guhle, Jacob Larsson
Penalty Shots
Teemu Hartikainen, Jayson Megna, Brock Boeser, Christoffer Ehn, Michael Ferland
Scratches
Charles-Olivier Roussel (Healthy), Kyle Capobianco (Healthy), Max McCormick (Healthy), Michael Downing (Healthy), Roman Josi (Healthy)
Rocket
5 vs 5 Forward
Center Left Wing Right Wing Time % Phy DF OF
1 Corey Trivino Brandon Pirri Mattias Tedenby 40 1 2 2
2 Peter Holland Adrian Kempe Danton Heinen 30 1 2 2
3 Dominic Turgeon Jiri Sekac Kole Sherwood 20 1 2 2
4 Mason Appleton Jakub Vrana Ty Rattie 10 1 2 2
5 vs 5 Defense
Defense Defense Time % Phy DF OF
1 Viktor Loov Adam Fox 40 1 2 2
2 Andrey Pedan Andrei Mironov 30 1 2 2
3 Dean Kukan Luca Sbisa 20 1 2 2
4 Viktor Loov Adam Fox 10 1 2 2
PowerPlay Forward
Center Left Wing Right Wing Time % Phy DF OF
1 Corey Trivino Brandon Pirri Mattias Tedenby 60 0 1 4
2 Peter Holland Adrian Kempe Danton Heinen 40 0 1 4
PowerPlay Defense
Defense Defense Time % Phy DF OF
1 Viktor Loov Adam Fox 60 0 1 4
2 Andrey Pedan Luca Sbisa 40 0 1 4
Penalty Kill 4 Players Forward
Center Wing Time % Phy DF OF
1 Dominic Turgeon Jakub Vrana 60 0 4 1
2 Mason Appleton Ty Rattie 40 0 4 1
Penalty Kill 4 Players Defense
Defense Defense Time % Phy DF OF
1 Viktor Loov Dean Kukan 60 0 5 0
2 Andrey Pedan Luca Sbisa 40 0 5 0
Penalty Kill - 3 Players Forward
Forward Time % Phy DF OF
1 Dominic Turgeon 60 0 5 0
2 Corey Trivino 40 0 5 0
Penalty Kill - 3 Players Defense
Defense Defense Time % Phy DF OF
1 Luca Sbisa Andrey Pedan 60 0 5 0
2 Andrei Mironov Viktor Loov 40 0 5 0
4 vs 4 Forward
Center Wing Time % Phy DF OF
1 Mattias Tedenby Corey Trivino 60 0 2 3
2 Brandon Pirri Adrian Kempe 40 0 2 3
4 vs 4 Defense
Defense Defense Time % Phy DF OF
1 Viktor Loov Adam Fox 60 0 2 3
2 Andrey Pedan Luca Sbisa 40 0 2 3
Last Minutes Offensive
Center Left Wing Right Wing Defense Defense
Corey Trivino Brandon Pirri Mattias Tedenby Viktor Loov Adam Fox
Last Minutes Defensive
Center Left Wing Right Wing Defense Defense
Corey Trivino Brandon Pirri Mattias Tedenby Luca Sbisa Dean Kukan
Goaltenders
Starting : Igor Shesterkin
Backup : Sami Aittokallio
Extra Forwards
Normal : Danton Heinen, Adrian Kempe, Mattias Tedenby - PP : Mattias Tedenby, Danton Heinen - PK : Dominic Turgeon
Extra Defensemen
Normal : Andrei Mironov, Adam Fox, Andrey Pedan - PP : Andrei Mironov - PK : Adam Fox, Andrey Pedan
Penalty Shots
Mattias Tedenby, Corey Trivino, Brandon Pirri, Adrian Kempe, Danton Heinen
Scratches
Daniel Sprong (Healthy), Dylan DeMelo (Healthy), Guillaume Brisebois (Healthy), Jack Glover (Bruised Right Foot Injury), Ryan Collins (Healthy)
Sergey Tolchinsky (Healthy), Tyler Lewington (Healthy), Karson Kuhlman (Healthy), Luke Kunin (Healthy), Mikhail Maltsev (Healthy)
% Time on Ice - Crunch
Lines # - Real PCT - Wanted PCT - Time Play
Normal Forward
1 - 35% - 40% - 18:02
2 - 31% - 30% - 16:06
3 - 12% - 20% - 6:19
4 - 21% - 10% - 11:01
Normal Defense
1 - 40% - 40% - 20:22
2 - 33% - 30% - 16:48
3 - 22% - 20% - 11:34
4 - 5% - 10% - 2:44
PP Forward
1 - 56% - 60% - 1:07
2 - 44% - 40% - 0:52
PP Defense
1 - 55% - 60% - 1:06
2 - 45% - 40% - 0:53
PK Forward
1 - 92% - 60% - 6:00
2 - 8% - 40% - 0:33
PK Defense
1 - 62% - 60% - 4:03
2 - 38% - 40% - 2:30
PK3 Forward
1 - 0% - 60%
2 - 0% - 40%
PK3 Defense
1 - 0% - 60%
2 - 0% - 40%
44 Forward
1 - 71% - 60% - 3:34
2 - 29% - 40% - 1:26
44 Defense
1 - 67% - 60% - 3:22
2 - 33% - 40% - 1:38
Last Minute Offensive - 0:00
Last Minute Defensive - 0:00
Total
Forward - 65:00
Defense - 65:00
|
% Time on Ice - Rocket
Lines # - Real PCT - Wanted PCT - Time Play
Normal Forward
1 - 34% - 40% - 17:15
2 - 28% - 30% - 14:25
3 - 24% - 20% - 12:10
4 - 15% - 10% - 7:38
Normal Defense
1 - 38% - 40% - 19:44
2 - 30% - 30% - 15:29
3 - 28% - 20% - 14:12
4 - 4% - 10% - 2:03
PP Forward
1 - 55% - 60% - 3:38
2 - 45% - 40% - 2:55
PP Defense
1 - 79% - 60% - 5:10
2 - 21% - 40% - 1:23
PK Forward
1 - 80% - 60% - 1:35
2 - 20% - 40% - 0:24
PK Defense
1 - 26% - 60% - 0:31
2 - 74% - 40% - 1:28
PK3 Forward
1 - 0% - 60%
2 - 0% - 40%
PK3 Defense
1 - 0% - 60%
2 - 0% - 40%
44 Forward
1 - 100% - 60% - 5:00
2 - 0% - 40% - 0:00
44 Defense
1 - 62% - 60% - 3:06
2 - 38% - 40% - 1:54
Last Minute Offensive - 0:00
Last Minute Defensive - 0:00
Total
Forward - 65:00
Defense - 65:00
|
Play-by-Play
1st period
0:01 of 1st period - Corey Trivino wins face-off versus Christoffer Ehn in neutral zone.
0:06 of 1st period - Wrist shot by Mattias Tedenby.
0:06 of 1st period - Deflect By Brandon Pirri.
0:06 of 1st period - Shot Misses the Net.
0:06 of 1st period - Puck is out of play.
0:07 of 1st period - Christoffer Ehn wins face-off versus Corey Trivino in Crunch zone.
0:07 of 1st period - Christoffer Ehn is hit by Mattias Tedenby.
0:33 of 1st period - Slapshot by Brandon Pirri.
0:33 of 1st period - Shot Misses the Net.
0:35 of 1st period - Slapshot by Adam Fox.
0:35 of 1st period - Deflect By Dylan Strome.
0:35 of 1st period - Stopped by Josef Korenar with a rebound.
0:37 of 1st period - Slapshot by Viktor Loov.
0:37 of 1st period - Shot Blocked by Jordan Oesterle.
1:26 of 1st period - Snap shot by Jared Staal.
1:26 of 1st period - Deflect By Dalton Smith.
1:26 of 1st period - Shot Misses the Net.
1:26 of 1st period - Puck is out of play.
1:27 of 1st period - Peter Holland wins face-off versus Connor Bunnaman in Rocket zone.
1:52 of 1st period - Connor Bunnaman is hit by Dean Kukan and loses puck.
2:18 of 1st period - Snap shot by Brock Boeser.
2:18 of 1st period - Deflect By Teemu Hartikainen.
2:18 of 1st period - Stopped by Igor Shesterkin with a rebound.
2:26 of 1st period - Snap shot by Teemu Hartikainen.
2:26 of 1st period - Stopped by Igor Shesterkin without a rebound.
2:27 of 1st period - Dylan Strome wins face-off versus Peter Holland in Rocket zone.
2:42 of 1st period - Wrist shot by Dylan Strome.
2:42 of 1st period - Stopped by Igor Shesterkin without a rebound.
2:43 of 1st period - Corey Trivino wins face-off versus Christoffer Ehn in Rocket zone.
2:43 of 1st period - Corey Trivino is hit by Teemu Hartikainen.
3:39 of 1st period - Matt Roy is hit by Adrian Kempe and loses puck.
3:54 of 1st period - Snap shot by Danton Heinen.
3:54 of 1st period - Stopped by Josef Korenar without a rebound.
3:55 of 1st period - Dylan Strome wins face-off versus Corey Trivino in Crunch zone.
4:09 of 1st period - Wrist shot by Dylan Strome.
4:09 of 1st period - Stopped by Igor Shesterkin with a rebound.
4:24 of 1st period - Off-side.
4:25 of 1st period - Dominic Turgeon wins face-off versus Connor Bunnaman in neutral zone.
4:34 of 1st period - Snap shot by Jiri Sekac.
4:34 of 1st period - Deflect By Kole Sherwood.
4:34 of 1st period - Shot Blocked by Brendan Guhle.
4:34 of 1st period - Puck is out of play.
4:35 of 1st period - Michael Ferland wins face-off versus Dominic Turgeon in Crunch zone.
5:13 of 1st period - Snap shot by Dominic Turgeon.
5:13 of 1st period - Shot Misses the Net.
5:15 of 1st period - Slapshot by Dean Kukan.
5:15 of 1st period - Shot Blocked by Jordan Oesterle.
5:17 of 1st period - Slapshot by Kole Sherwood.
5:17 of 1st period - Stopped by Josef Korenar with a rebound.
6:05 of 1st period - Snap shot by Michael Ferland.
6:05 of 1st period - Shot Misses the Net.
6:17 of 1st period - Slapshot by Michael Ferland.
6:17 of 1st period - Shot Misses the Net.
7:40 of 1st period - Dominic Turgeon is hit by Noah Hanifin and loses puck.
8:30 of 1st period - Snap shot by Dylan Strome.
8:30 of 1st period - Stopped by Igor Shesterkin with a rebound.
8:48 of 1st period - Dominic Turgeon is hit by Jordan Oesterle and loses puck.
8:57 of 1st period - Snap shot by Jiri Sekac.
8:57 of 1st period - Shot Misses the Net.
9:01 of 1st period - Slapshot by Jiri Sekac.
9:01 of 1st period - Stopped by Josef Korenar with a rebound.
9:03 of 1st period - Snap shot by Kole Sherwood.
9:03 of 1st period - Shot Misses the Net.
9:15 of 1st period - Snap shot by Michael Ferland.
9:15 of 1st period - Shot Blocked by Dean Kukan.
9:41 of 1st period - Snap shot by Dominic Turgeon.
9:41 of 1st period - Stopped by Josef Korenar without a rebound.
9:42 of 1st period - Corey Trivino wins face-off versus Christoffer Ehn in Crunch zone.
10:04 of 1st period - Minor Penalty to Brendan Guhle for Hooking.
10:05 of 1st period - Christoffer Ehn wins face-off versus Corey Trivino in Crunch zone.
10:16 of 1st period - Snap shot by Mattias Tedenby.
10:16 of 1st period - Stopped by Josef Korenar with a rebound.
10:18 of 1st period - Slapshot by Viktor Loov.
10:18 of 1st period - Deflect By Corey Trivino.
10:18 of 1st period - Shot Misses the Net.
10:18 of 1st period - Puck is out of play.
10:19 of 1st period - Christoffer Ehn wins face-off versus Corey Trivino in Crunch zone.
10:38 of 1st period - Christoffer Ehn is hit by Adam Fox and loses puck.
11:20 of 1st period - Peter Holland is hit by Teemu Hartikainen and loses puck.
12:04 of 1st period - Penalty to Brendan Guhle is over, Brendan Guhle is back on ice.
12:07 of 1st period - Jayson Megna is hit by Peter Holland and loses puck.
12:19 of 1st period - Snap shot by Brock Boeser.
12:19 of 1st period - Stopped by Igor Shesterkin without a rebound.
12:20 of 1st period - Mason Appleton wins face-off versus Mitch Callahan in Rocket zone.
12:20 of 1st period - Mason Appleton is hit by Anatoli Golyshev.
12:55 of 1st period - Icing by Corey Trivino.
12:56 of 1st period - Brock Boeser wins face-off versus Corey Trivino in Rocket zone.
13:19 of 1st period - Wrist shot by Viktor Loov.
13:19 of 1st period - Stopped by Josef Korenar with a rebound.
14:23 of 1st period - Connor Bunnaman is hit by Andrey Pedan and loses puck.
14:51 of 1st period - Brandon Pirri is hit by Mitch Callahan and loses puck.
15:22 of 1st period - Jeremy Lauzon is hit by Ty Rattie and loses puck.
16:30 of 1st period - Andrey Pedan is hit by Jordan Oesterle and loses puck.
17:58 of 1st period - Christoffer Ehn is hit by Adam Fox.
17:59 of 1st period - Christoffer Ehn from Crunch is injured at 17:59 of 1st period (Bruised Right Leg).
18:00 of 1st period - Brock Boeser wins face-off versus Corey Trivino in Crunch zone.
18:05 of 1st period - Snap shot by Brandon Pirri.
18:05 of 1st period - Shot Misses the Net.
18:27 of 1st period - Viktor Loov is hit by Michael Ferland and loses puck.
18:54 of 1st period - Slapshot by Adam Fox.
18:54 of 1st period - Shot Blocked by Jordan Oesterle.
18:58 of 1st period - Snap shot by Mason Appleton.
18:58 of 1st period - Shot Blocked by Jordan Oesterle.
19:00 of 1st period - Slapshot by Viktor Loov.
19:00 of 1st period - Deflect By Ty Rattie.
19:00 of 1st period - Shot Misses the Net.
19:00 of 1st period - Puck is out of play.
19:01 of 1st period - Corey Trivino wins face-off versus Brock Boeser in Crunch zone.
19:14 of 1st period - Wrist shot by Mattias Tedenby.
19:14 of 1st period - Stopped by Josef Korenar with a rebound.
19:16 of 1st period - Slapshot by Andrey Pedan.
19:16 of 1st period - Shot Misses the Net.
19:53 of 1st period - Snap shot by Jiri Sekac.
19:53 of 1st period - Deflect By Dominic Turgeon.
19:53 of 1st period - Shot Misses the Net.
19:53 of 1st period - Puck is out of play.
19:54 of 1st period - Corey Trivino wins face-off versus Jared Staal in Crunch zone.
Goals for this period are 0 for Crunch vs 0 for Rocket.
Shots for this period are 6 for Crunch vs 8 for Rocket.
2nd period
0:01 of 2nd period - Brandon Pirri wins face-off versus Jared Staal in neutral zone.
0:04 of 2nd period - Snap shot by Brandon Pirri.
0:04 of 2nd period - Shot Misses the Net.
0:06 of 2nd period - Slapshot by Viktor Loov.
0:06 of 2nd period - Deflect By Jordan Oesterle.
0:06 of 2nd period - Stopped by Josef Korenar with a rebound.
0:08 of 2nd period - Slapshot by Viktor Loov.
0:08 of 2nd period - Shot Misses the Net.
0:10 of 2nd period - Snap shot by Adam Fox.
0:10 of 2nd period - Shot Misses the Net.
0:12 of 2nd period - Slapshot by Adam Fox.
0:12 of 2nd period - Stopped by Josef Korenar with a rebound.
0:14 of 2nd period - Backhand shot by Viktor Loov.
0:14 of 2nd period - Shot Blocked by Brock Boeser.
0:22 of 2nd period - Minor Penalty to Jordan Oesterle for Hooking.
0:23 of 2nd period - Dylan Strome wins face-off versus Corey Trivino in Crunch zone.
0:23 of 2nd period - Dylan Strome is hit by Corey Trivino.
0:39 of 2nd period - Slapshot by Adam Fox.
0:39 of 2nd period - Shot Misses the Net.
0:56 of 2nd period - Backhand shot by Peter Holland.
0:56 of 2nd period - Stopped by Josef Korenar with a rebound.
0:58 of 2nd period - Slapshot by Viktor Loov.
0:58 of 2nd period - Shot Misses the Net.
1:14 of 2nd period - Jayson Megna is hit by Luca Sbisa.
2:22 of 2nd period - Penalty to Jordan Oesterle is over, Jordan Oesterle is back on ice.
2:36 of 2nd period - Wrist shot by Mitch Callahan.
2:36 of 2nd period - Goal by Mitch Callahan - Crunch : 1 - Rocket : 0.
2:37 of 2nd period - Jared Staal wins face-off versus Mason Appleton in neutral zone.
3:04 of 2nd period - Snap shot by Anatoli Golyshev.
3:04 of 2nd period - Stopped by Igor Shesterkin with a rebound.
3:06 of 2nd period - Slapshot by Jeremy Lauzon.
3:06 of 2nd period - Stopped by Igor Shesterkin without a rebound.
3:07 of 2nd period - Connor Bunnaman wins face-off versus Corey Trivino in Rocket zone.
3:32 of 2nd period - Snap shot by Mitch Callahan.
3:32 of 2nd period - Shot Misses the Net.
4:14 of 2nd period - Slapshot by Andrei Mironov.
4:14 of 2nd period - Deflect By Mattias Tedenby.
4:14 of 2nd period - Shot Misses the Net.
4:14 of 2nd period - Puck is out of play.
4:15 of 2nd period - Corey Trivino wins face-off versus Jayson Megna in Crunch zone.
4:24 of 2nd period - Slapshot by Brandon Pirri.
4:24 of 2nd period - Shot Misses the Net.
4:26 of 2nd period - Slapshot by Adam Fox.
4:26 of 2nd period - Shot Misses the Net.
5:00 of 2nd period - Slapshot by Andrei Mironov.
5:00 of 2nd period - Deflect By Jakub Vrana.
5:00 of 2nd period - Stopped by Josef Korenar with a rebound.
5:07 of 2nd period - Icing by Jacob Larsson.
5:08 of 2nd period - Corey Trivino wins face-off versus Connor Bunnaman in Crunch zone.
5:24 of 2nd period - Wrist shot by Corey Trivino.
5:24 of 2nd period - Shot Misses the Net.
5:48 of 2nd period - Wrist shot by Mitch Callahan.
5:48 of 2nd period - Shot Blocked by Ty Rattie.
5:50 of 2nd period - Slapshot by Jacob Larsson.
5:50 of 2nd period - Stopped by Igor Shesterkin without a rebound.
5:51 of 2nd period - Corey Trivino wins face-off versus Jared Staal in Rocket zone.
5:58 of 2nd period - Snap shot by Mattias Tedenby.
5:58 of 2nd period - Stopped by Josef Korenar with a rebound.
6:02 of 2nd period - Wrist shot by Mattias Tedenby.
6:02 of 2nd period - Deflect By Corey Trivino.
6:02 of 2nd period - Goal by Corey Trivino - Crunch : 1 - Rocket : 1.
6:03 of 2nd period - Jared Staal wins face-off versus Corey Trivino in neutral zone.
6:08 of 2nd period - Slapshot by Noah Hanifin.
6:08 of 2nd period - Stopped by Igor Shesterkin with a rebound.
6:39 of 2nd period - Slapshot by Dylan Strome.
6:39 of 2nd period - Deflect By Danton Heinen.
6:39 of 2nd period - Goal by Dylan Strome - Crunch : 2 - Rocket : 1.
6:40 of 2nd period - Mattias Tedenby wins face-off versus Jared Staal in neutral zone.
6:43 of 2nd period - Brock Boeser is hit by Corey Trivino.
7:12 of 2nd period - Snap shot by Jeremy Lauzon.
7:12 of 2nd period - Deflect By Dylan Strome.
7:12 of 2nd period - Stopped by Igor Shesterkin with a rebound.
7:14 of 2nd period - Snap shot by Dylan Strome.
7:14 of 2nd period - Deflect By Michael Ferland.
7:14 of 2nd period - Stopped by Igor Shesterkin without a rebound.
7:15 of 2nd period - Jayson Megna wins face-off versus Peter Holland in Rocket zone.
7:44 of 2nd period - Andrei Mironov is hit by Teemu Hartikainen and loses puck.
8:01 of 2nd period - Backhand shot by Anatoli Golyshev.
8:01 of 2nd period - Shot Misses the Net.
8:08 of 2nd period - Off-side.
8:09 of 2nd period - Peter Holland wins face-off versus Jayson Megna in neutral zone.
8:16 of 2nd period - Snap shot by Danton Heinen.
8:16 of 2nd period - Shot Misses the Net.
8:18 of 2nd period - Wrist shot by Adrian Kempe.
8:18 of 2nd period - Shot Blocked by Jordan Oesterle.
8:20 of 2nd period - Slapshot by Adam Fox.
8:20 of 2nd period - Deflect By Danton Heinen.
8:20 of 2nd period - Stopped by Josef Korenar with a rebound.
8:22 of 2nd period - Wrist shot by Peter Holland.
8:22 of 2nd period - Shot Misses the Net.
8:24 of 2nd period - Slapshot by Peter Holland.
8:24 of 2nd period - Shot Misses the Net.
9:53 of 2nd period - Mattias Tedenby is hit by Jeremy Lauzon and loses puck.
10:26 of 2nd period - Viktor Loov is hit by Michael Ferland and loses puck.
10:35 of 2nd period - Jacob Larsson is hit by Adam Fox and loses puck.
10:44 of 2nd period - Slapshot by Mattias Tedenby.
10:44 of 2nd period - Stopped by Josef Korenar with a rebound.
11:02 of 2nd period - Wrist shot by Mattias Tedenby.
11:02 of 2nd period - Stopped by Josef Korenar with a rebound.
11:04 of 2nd period - Snap shot by Corey Trivino.
11:04 of 2nd period - Goal by Corey Trivino - Crunch : 2 - Rocket : 2.
11:05 of 2nd period - Jared Staal wins face-off versus Peter Holland in neutral zone.
11:08 of 2nd period - Snap shot by Teemu Hartikainen.
11:08 of 2nd period - Goal by Teemu Hartikainen - Crunch : 3 - Rocket : 2.
11:09 of 2nd period - Peter Holland wins face-off versus Jared Staal in neutral zone.
11:25 of 2nd period - Slapshot by Peter Holland.
11:25 of 2nd period - Stopped by Josef Korenar with a rebound.
12:20 of 2nd period - Off-side.
12:21 of 2nd period - Peter Holland wins face-off versus Jayson Megna in neutral zone.
13:42 of 2nd period - Snap shot by Anatoli Golyshev.
13:42 of 2nd period - Shot Misses the Net.
13:44 of 2nd period - Snap shot by Connor Bunnaman.
13:44 of 2nd period - Shot Misses the Net.
14:04 of 2nd period - Snap shot by Mitch Callahan.
14:04 of 2nd period - Shot Blocked by Jakub Vrana.
14:06 of 2nd period - Slapshot by Noah Hanifin.
14:06 of 2nd period - Shot Misses the Net.
14:08 of 2nd period - Slapshot by Noah Hanifin.
14:08 of 2nd period - Stopped by Igor Shesterkin without a rebound.
14:09 of 2nd period - Jared Staal wins face-off versus Corey Trivino in Rocket zone.
14:10 of 2nd period - Wrist shot by Brock Boeser.
14:10 of 2nd period - Shot Blocked by Brandon Pirri.
14:18 of 2nd period - Slapshot by Brandon Pirri.
14:18 of 2nd period - Stopped by Josef Korenar with a rebound.
14:20 of 2nd period - Wrist shot by Andrey Pedan.
14:20 of 2nd period - Shot Blocked by Jeremy Lauzon.
14:22 of 2nd period - Wrist shot by Corey Trivino.
14:22 of 2nd period - Shot Misses the Net.
14:43 of 2nd period - Wrist shot by Peter Holland.
14:43 of 2nd period - Shot Misses the Net.
14:45 of 2nd period - Slapshot by Danton Heinen.
14:45 of 2nd period - Stopped by Josef Korenar with a rebound.
14:54 of 2nd period - Icing by Jayson Megna.
14:55 of 2nd period - Jayson Megna wins face-off versus Kole Sherwood in Crunch zone.
15:09 of 2nd period - Slapshot by Dalton Smith.
15:09 of 2nd period - Stopped by Igor Shesterkin without a rebound.
15:10 of 2nd period - Teemu Hartikainen wins face-off versus Corey Trivino in Rocket zone.
15:15 of 2nd period - Slapshot by Brock Boeser.
15:15 of 2nd period - Shot Misses the Net.
15:19 of 2nd period - Wrist shot by Teemu Hartikainen.
15:19 of 2nd period - Shot Misses the Net.
16:42 of 2nd period - Minor Penalty to Brandon Pirri for Holding.
16:43 of 2nd period - Jayson Megna wins face-off versus Dominic Turgeon in Rocket zone.
17:14 of 2nd period - Slapshot by Noah Hanifin.
17:14 of 2nd period - Deflect By Michael Ferland.
17:14 of 2nd period - Stopped by Igor Shesterkin without a rebound.
17:15 of 2nd period - Dominic Turgeon wins face-off versus Jayson Megna in Rocket zone.
18:00 of 2nd period - Mason Appleton is hit by Teemu Hartikainen and loses puck.
18:11 of 2nd period - Jordan Oesterle is hit by Jakub Vrana and loses puck.
18:42 of 2nd period - Penalty to Brandon Pirri is over, Brandon Pirri is back on ice.
19:06 of 2nd period - Wrist shot by Mason Appleton.
19:06 of 2nd period - Stopped by Josef Korenar with a rebound.
19:12 of 2nd period - Wrist shot by Peter Holland.
19:12 of 2nd period - Stopped by Josef Korenar with a rebound.
19:22 of 2nd period - Dylan Strome is hit by Brandon Pirri and loses puck.
19:41 of 2nd period - Wrist shot by Dalton Smith.
19:41 of 2nd period - Shot Blocked by Andrei Mironov.
19:43 of 2nd period - Slapshot by Jared Staal.
19:43 of 2nd period - Stopped by Igor Shesterkin without a rebound.
19:44 of 2nd period - Peter Holland wins face-off versus Dalton Smith in Rocket zone.
Goals for this period are 3 for Crunch vs 2 for Rocket.
Shots for this period are 13 for Crunch vs 15 for Rocket.
3rd period
0:01 of 3rd period - Corey Trivino wins face-off versus Jared Staal in neutral zone.
0:16 of 3rd period - Wrist shot by Brock Boeser.
0:16 of 3rd period - Stopped by Igor Shesterkin with a rebound.
0:30 of 3rd period - Wrist shot by Anatoli Golyshev.
0:30 of 3rd period - Shot Misses the Net.
0:32 of 3rd period - Snap shot by Connor Bunnaman.
0:32 of 3rd period - Shot Misses the Net.
0:34 of 3rd period - Slapshot by Jeremy Lauzon.
0:34 of 3rd period - Shot Misses the Net.
0:36 of 3rd period - Slapshot by Jeremy Lauzon.
0:36 of 3rd period - Deflect By Anatoli Golyshev.
0:36 of 3rd period - Shot Misses the Net.
0:36 of 3rd period - Puck is out of play.
0:37 of 3rd period - Peter Holland wins face-off versus Jared Staal in Rocket zone.
0:50 of 3rd period - Wrist shot by Adrian Kempe.
0:50 of 3rd period - Stopped by Josef Korenar with a rebound.
0:52 of 3rd period - Slapshot by Andrey Pedan.
0:52 of 3rd period - Shot Misses the Net.
1:17 of 3rd period - Minor Penalty to Dylan Strome for Slashing.
1:18 of 3rd period - Jayson Megna wins face-off versus Corey Trivino in Crunch zone.
1:51 of 3rd period - Wrist shot by Adrian Kempe.
1:51 of 3rd period - Shot Misses the Net.
1:53 of 3rd period - Snap shot by Danton Heinen.
1:53 of 3rd period - Goal by Danton Heinen - Crunch : 3 - Rocket : 3.
1:54 of 3rd period - Jared Staal wins face-off versus Corey Trivino in neutral zone.
2:01 of 3rd period - Wrist shot by Teemu Hartikainen.
2:01 of 3rd period - Shot Misses the Net.
2:03 of 3rd period - Snap shot by Jared Staal.
2:03 of 3rd period - Shot Misses the Net.
2:05 of 3rd period - Snap shot by Brendan Guhle.
2:05 of 3rd period - Shot Misses the Net.
2:50 of 3rd period - Slapshot by Noah Hanifin.
2:50 of 3rd period - Stopped by Igor Shesterkin with a rebound.
2:52 of 3rd period - Snap shot by Jared Staal.
2:52 of 3rd period - Shot Blocked by Andrey Pedan.
3:06 of 3rd period - Slapshot by Matt Roy.
3:06 of 3rd period - Shot Blocked by Ty Rattie.
3:18 of 3rd period - Wrist shot by Mitch Callahan.
3:18 of 3rd period - Stopped by Igor Shesterkin with a rebound.
4:02 of 3rd period - Jakub Vrana is hit by Jacob Larsson and loses puck.
4:17 of 3rd period - Mitch Callahan is hit by Peter Holland and loses puck.
4:41 of 3rd period - Viktor Loov is hit by Dalton Smith and loses puck.
4:55 of 3rd period - Off-side.
4:56 of 3rd period - Dominic Turgeon wins face-off versus Dylan Strome in neutral zone.
5:23 of 3rd period - Mattias Tedenby is hit by Teemu Hartikainen and loses puck.
5:42 of 3rd period - Snap shot by Luca Sbisa.
5:42 of 3rd period - Stopped by Josef Korenar with a rebound.
6:08 of 3rd period - Backhand shot by Peter Holland.
6:08 of 3rd period - Shot Misses the Net.
6:20 of 3rd period - Snap shot by Dylan Strome.
6:20 of 3rd period - Shot Misses the Net.
6:55 of 3rd period - Wrist shot by Danton Heinen.
6:55 of 3rd period - Shot Misses the Net.
6:57 of 3rd period - Snap shot by Peter Holland.
6:57 of 3rd period - Goal by Peter Holland - Crunch : 3 - Rocket : 4.
6:58 of 3rd period - Corey Trivino wins face-off versus Jared Staal in neutral zone.
7:01 of 3rd period - Slapshot by Brandon Pirri.
7:01 of 3rd period - Stopped by Josef Korenar without a rebound.
7:02 of 3rd period - Jared Staal wins face-off versus Corey Trivino in Crunch zone.
7:21 of 3rd period - Brock Boeser is hit by Mattias Tedenby and loses puck.
7:44 of 3rd period - Slapshot by Mattias Tedenby.
7:44 of 3rd period - Shot Blocked by Brock Boeser.
7:46 of 3rd period - Wrist shot by Mattias Tedenby.
7:46 of 3rd period - Shot Blocked by Noah Hanifin.
7:48 of 3rd period - Wrist shot by Brandon Pirri.
7:48 of 3rd period - Shot Blocked by Teemu Hartikainen.
7:50 of 3rd period - Snap shot by Viktor Loov.
7:50 of 3rd period - Stopped by Josef Korenar with a rebound.
7:52 of 3rd period - Snap shot by Adam Fox.
7:52 of 3rd period - Stopped by Josef Korenar without a rebound.
7:53 of 3rd period - Peter Holland wins face-off versus Dylan Strome in Crunch zone.
8:39 of 3rd period - Icing by Brendan Guhle.
8:40 of 3rd period - Dominic Turgeon wins face-off versus Connor Bunnaman in Crunch zone.
8:49 of 3rd period - Snap shot by Jiri Sekac.
8:49 of 3rd period - Deflect By Kole Sherwood.
8:49 of 3rd period - Shot Blocked by Jeremy Lauzon.
8:49 of 3rd period - Puck is out of play.
8:50 of 3rd period - Corey Trivino wins face-off versus Jared Staal in Crunch zone.
8:55 of 3rd period - Slapshot by Mattias Tedenby.
8:55 of 3rd period - Shot Blocked by Teemu Hartikainen.
8:57 of 3rd period - Slapshot by Adam Fox.
8:57 of 3rd period - Shot Misses the Net.
9:02 of 3rd period - Minor Penalty to Noah Hanifin for Hooking.
9:03 of 3rd period - Corey Trivino wins face-off versus Dylan Strome in Crunch zone.
10:21 of 3rd period - Jayson Megna is hit by Corey Trivino and loses puck.
11:02 of 3rd period - Penalty to Noah Hanifin is over, Noah Hanifin is back on ice.
11:11 of 3rd period - Anatoli Golyshev is hit by Dominic Turgeon and loses puck.
11:27 of 3rd period - Wrist shot by Anthony Cirelli.
11:27 of 3rd period - Shot Misses the Net.
11:32 of 3rd period - Icing by Luca Sbisa.
11:33 of 3rd period - Anatoli Golyshev wins face-off versus Dominic Turgeon in Rocket zone.
12:31 of 3rd period - Dean Kukan is hit by Matt Roy and loses puck.
13:42 of 3rd period - Snap shot by Michael Ferland.
13:42 of 3rd period - Stopped by Igor Shesterkin with a rebound.
13:59 of 3rd period - Snap shot by Andrei Mironov.
13:59 of 3rd period - Deflect By Kole Sherwood.
13:59 of 3rd period - Stopped by Josef Korenar with a rebound.
14:13 of 3rd period - Snap shot by Anatoli Golyshev.
14:13 of 3rd period - Stopped by Igor Shesterkin with a rebound.
14:20 of 3rd period - Icing by Kole Sherwood.
14:21 of 3rd period - Jared Staal wins face-off versus Brandon Pirri in Rocket zone.
14:24 of 3rd period - Wrist shot by Brock Boeser.
14:24 of 3rd period - Shot Misses the Net.
15:28 of 3rd period - Brock Boeser is hit by Viktor Loov and loses puck.
15:40 of 3rd period - Icing by Viktor Loov.
15:41 of 3rd period - Dylan Strome wins face-off versus Corey Trivino in Rocket zone.
15:58 of 3rd period - Matt Roy is hit by Dominic Turgeon and loses puck.
16:52 of 3rd period - Slapshot by Mattias Tedenby.
16:52 of 3rd period - Stopped by Josef Korenar without a rebound.
16:53 of 3rd period - Jared Staal wins face-off versus Mattias Tedenby in Crunch zone.
16:57 of 3rd period - Off-side.
16:58 of 3rd period - Corey Trivino wins face-off versus Jared Staal in neutral zone.
17:12 of 3rd period - Jeremy Lauzon is hit by Brandon Pirri and loses puck.
17:41 of 3rd period - Slapshot by Teemu Hartikainen.
17:41 of 3rd period - Stopped by Igor Shesterkin with a rebound.
17:43 of 3rd period - Wrist shot by Brock Boeser.
17:43 of 3rd period - Shot Misses the Net.
17:45 of 3rd period - Slapshot by Jeremy Lauzon.
17:45 of 3rd period - Goal by Jeremy Lauzon - Crunch : 4 - Rocket : 4.
17:46 of 3rd period - Corey Trivino wins face-off versus Dylan Strome in neutral zone.
17:49 of 3rd period - Snap shot by Brandon Pirri.
17:49 of 3rd period - Stopped by Josef Korenar with a rebound.
18:11 of 3rd period - Jared Staal is hit by Adrian Kempe and loses puck.
18:36 of 3rd period - Snap shot by Jiri Sekac.
18:36 of 3rd period - Stopped by Josef Korenar with a rebound.
18:38 of 3rd period - Wrist shot by Dominic Turgeon.
18:38 of 3rd period - Shot Blocked by Jeremy Lauzon.
18:40 of 3rd period - Slapshot by Dean Kukan.
18:40 of 3rd period - Shot Misses the Net.
18:42 of 3rd period - Snap shot by Dominic Turgeon.
18:42 of 3rd period - Stopped by Josef Korenar with a rebound.
19:00 of 3rd period - Teemu Hartikainen is hit by Peter Holland and loses puck.
19:13 of 3rd period - Andrei Mironov is hit by Jared Staal and loses puck.
19:25 of 3rd period - Icing by Anthony Cirelli.
19:26 of 3rd period - Dylan Strome wins face-off versus Mattias Tedenby in Crunch zone.
Goals for this period are 1 for Crunch vs 2 for Rocket.
Shots for this period are 7 for Crunch vs 12 for Rocket.
Overtime #1
0:01 of 1st overtime period - Teemu Hartikainen wins face-off versus Mattias Tedenby in neutral zone.
0:04 of 1st overtime period - Corey Trivino is hit by Teemu Hartikainen and loses puck.
1:29 of 1st overtime period - Mattias Tedenby is hit by Dylan Strome and loses puck.
1:46 of 1st overtime period - Luca Sbisa is hit by Anthony Cirelli and loses puck.
2:20 of 1st overtime period - Corey Trivino is hit by Jordan Oesterle and loses puck.
Goals for this period are 0 for Crunch vs 0 for Rocket.
Shots for this period are 0 for Crunch vs 0 for Rocket.
ShootOut
5:00 of 1st overtime period - Round #1.
5:00 of 1st overtime period - Crunch, Teemu Hartikainen.
5:00 of 1st overtime period - Wrist shot by Teemu Hartikainen.
5:00 of 1st overtime period - Shot Misses the Net.
5:00 of 1st overtime period - Rocket, Mattias Tedenby.
5:00 of 1st overtime period - Snap shot by Mattias Tedenby.
5:00 of 1st overtime period - Stopped by Josef Korenar.
5:00 of 1st overtime period - Round #2.
5:00 of 1st overtime period - Crunch, Jayson Megna.
5:00 of 1st overtime period - Deke by Jayson Megna.
5:00 of 1st overtime period - Goal by Jayson Megna.
5:00 of 1st overtime period - Rocket, Corey Trivino.
5:00 of 1st overtime period - Wrist shot by Corey Trivino.
5:00 of 1st overtime period - Stopped by Josef Korenar.
5:00 of 1st overtime period - Round #3.
5:00 of 1st overtime period - Crunch, Brock Boeser.
5:00 of 1st overtime period - Deke by Brock Boeser.
5:00 of 1st overtime period - Stopped by Igor Shesterkin.
5:00 of 1st overtime period - Rocket, Brandon Pirri.
5:00 of 1st overtime period - Snap shot by Brandon Pirri.
5:00 of 1st overtime period - Stopped by Josef Korenar.